 Dungeon Crawl Stone Soup version 0.26-a0-466-g989023bd0d (webtiles) character file.

Game seed: 7226620008404242502

31 MrRokkomies the Skirmisher (level 3, -2/31 HPs)
             Began as a Palentonga Delver on July 29, 2020.
             Slain by an orc
             ... wielding a +0 mace
              (6 damage)
             ... on level 4 of the Dungeon.
             The game lasted 00:01:11 (546 turns).

MrRokkomies the Skirmisher (Palentonga Delver)       Turns: 546, Time: 00:01:11

Health: -2/31      AC:  4    Str: 15    XL:     3   Next: 7%
Magic:  3/3        EV:  9    Int: 11    God:
Gold:   56         SH:  0    Dex: 11    Spells: 2/2 levels left

rFire    . . .     SeeInvis +   a - +0 hand axe
rCold    . . .     Faith    .   (no shield)
rNeg     . . .     Spirit   .   b - +0 leather armour
rPois    .         Reflect  .   (no helmet)
rElec    .         Harm     .   (no cloak)
rCorr    .                      (no gloves)
MR       .....                  (boots restricted)
Stlth    ++........             (no amulet)
HPRegen  0.10/turn              (no ring)
MPRegen  0.08/turn              (no ring)

@: no status effects
A: large, rugged brown scales 3, see invisible, deformed body, roll, armoured
tail
a: Rolling Charge


You were on level 4 of the Dungeon.
You visited 1 branch of the dungeon, and saw 3 of its levels.

You collected 56 gold pieces.

Inventory:

Hand Weapons
 a - a +0 hand axe (weapon)
Missiles
 i - 23 stones (quivered)
Armour
 b - a +0 leather armour (worn)
Wands
 g - a wand of digging (3)
Scrolls
 c - a scroll of fog
 d - a scroll of magic mapping
 h - a scroll of remove curse {unknown}
 j - a scroll of identify {unknown}
Potions
 f - a potion of haste


   Skills:
 * Level 3.5 Fighting
 * Level 2.7 Axes
 + Level 1.9 Dodging
 - Level 3.4 Stealth


You had 2 spell levels left.
You didn't know any spells.
Your spell library was empty.

Dungeon Overview and Level Annotations

Branches:
Dungeon (5/15)
 Temple: D:4-7

Altars:

Annotations:
D:5 Edmund


Innate Abilities, Weirdness & Mutations

You are completely covered in rugged brown scales. (AC +3, +7% HP)
You have supernaturally acute eyesight. (SInv)
Armour fits poorly on your strangely shaped body.
You can roll at foes to attack.
You have a long armoured tail.


Message History

You hit the orc.
The orc is moderately wounded.
The orc completely misses you.
You hit the orc.
You kill the orc!
No target in view!
No target in view!
You climb upwards.
The orc closely misses you.
There is a stone staircase leading down here.
The orc hits you with a +0 mace.
The orc priest mumbles some strange prayers to Beogh against you.
Beogh smites you!
Ouch! That really hurt!
* * * LOW HITPOINT WARNING * * *
You climb downwards.
There is a stone staircase leading up here.
You barely miss the orc. The orc hits you with a +0 mace.
* * * LOW HITPOINT WARNING * * *
You closely miss the orc. The orc hits you with a +0 mace.
You die...

#[....#########
#.....'..# ##....##.#
########....##.#
#......'.....#.#
#+######.....#.#
.............#.#
....####.....#.#
........)@...#..
..####.#.o#.###########
#.#..#...........o
#.################
####...........#
+..[...>.†.....#
####...######### #...#
#...#


You could see an orc.

Vanquished Creatures
  A worker ant (D:4)
  An ooze (D:3)
  An orc (D:4)
  A ball python (D:4)
  A jackal skeleton (D:5)
5 creatures vanquished.

Notes
Turn   | Place    | Note
-------+----------+-------------------------------------------
     0 | D:5      | MrRokkomies the Palentonga Delver began the quest for the
                  | Orb.
     0 | D:5      | Reached XP level 1. HP: 19/19 MP: 1/1
   156 | D:5      | Noticed Edmund
   171 | D:4      | Noticed a worker ant
   185 | D:4      | Killed a worker ant
   185 | D:4      | Reached XP level 2. HP: 25/25 MP: 2/2
   257 | D:3      | Reached XP level 3. HP: 31/31 MP: 3/3
   546 | D:4      | Slain by an orc

Illustrated notes

Levels and vault maps discovered:
D:3:      layout_basic, grunt_gozag_statues, lemuel_doored_altar
D:4:      layout_basic, kennysheep_little_box, grunt_temple_overflow_diamond,
          uniq_robin
D:5:      layout_gridville, kennysheep_mini, serial_shops, kennysheep_mini_moat,
          grunt_decor_one_mirror, uniq_edmund

Action                   || total
-------------------------++-------
Melee: Hand axe          ||    23
       Tailslap          ||     2
Throw: Stone             ||     1
 Abil: Rolling Charge    ||     1
  Use: Scroll            ||     1
 Stab: Sleeping          ||     2
Armor: Leather armour    ||     5
Dodge: Dodged            ||    12

Table legend: (Time is in decaauts)
 A = Elapsed time spent in this place.
 B = Non-inter-level travel time spent in this place.
 C = Inter-level travel time spent in this place.
 D = Time resting spent in this place.
 E = Time spent auto-exploring this place.
 F = Levels seen in this place.
 G = Mean time per level.
                   A        B        C        D        E       F      G
               +--------+--------+--------+--------+--------+-----+--------+
         Total |    552 |    552 |      0 |    265 |    171 |   3 |  184.0 |
       Dungeon |    552 |    552 |      0 |    265 |    171 |   3 |  184.0 |
               +--------+--------+--------+--------+--------+-----+--------+

Top non-repeatable levels by time:
     D:4: 357 daAuts
     D:5: 171 daAuts
     D:3: 23 daAuts
